 Dungeon Crawl Stone Soup version 0.19-a0-450-g98b348d (webtiles) character file.

42 tyrsky the Digger (level 3, -4/19 HPs)
             Began as a Gargoyle Earth Elementalist on June 1, 2016.
             Slain by a gnoll (5 damage)
             ... on level 1 of the Dungeon.
             The game lasted 00:03:02 (943 turns).

tyrsky the Digger (Gargoyle Earth Elementalist)      Turns: 943, Time: 00:03:02

Health: -4/19      AC:  6    Str: 11    XL:     3   Next: 54%
Magic:  3/7        EV: 12    Int: 16    God:
Gold:   78         SH:  0    Dex: 10    Spells: 3 memorised, 2 levels left

rFire  . . .     SeeInvis .     a - +1 hand axe (chop)
rCold  . . .     Gourm    .     e - +0 robe
rNeg   + . .     Faith    .     (no shield)
rPois  ∞         Spirit   .     (no helmet)
rElec  +         Dismiss  .     (no cloak)
rCorr  .         Reflect  .     n - +0 pair of gloves
SustAt .         Harm     .     (no boots)
MR     .....                    (no amulet)
Stlth  ++........               (no ring)
                                (no ring)

@: not resistant to hostile enchantments, unstealthy
A: negative energy resistance 1, electricity resistance, unbreathing,
petrification resistance, rot immunity, AC +3
a: no special abilities


You were on level 1 of the Dungeon.
You were not hungry.

You visited 1 branch of the dungeon, and saw 2 of its levels.

You collected 78 gold pieces.

Inventory:

Hand Weapons
 a - a +1 hand axe of chopping (weapon)
Missiles
 b - 34 stones (quivered)
Armour
 e - a +0 robe (worn)
 n - a +0 pair of gloves (worn)
Jewellery
 j - an uncursed amulet of magic regeneration {unknown}
Scrolls
 f - a scroll of fog {unknown}
 h - 3 scrolls of identify {unknown}
 i - a scroll of enchant weapon {unknown}
Potions
 g - a potion of ambrosia {unknown}
 m - a potion of heal wounds {unknown}
Books
 c - a book of Geomancy

   Spells                             Type                      Level
   a - Sandblast                      Earth                        1
   b - Passwall                       Transmutation/Earth          2
   c - Stone Arrow                    Conjuration/Earth            3
   d - Petrify                        Transmutation/Earth          4
   e - Lee's Rapid Deconstruction     Earth                        5
Comestibles
 d - 3 bread rations
 k - a royal jelly
 l - 3 chunks of flesh


   Skills:
 - Level 1.5 Dodging
 - Level 2.1 Stealth
 * Level 3.2 Spellcasting
 + Level 0.2 Conjurations
 - Level 0.7 Transmutations
 + Level 4.1 Earth Magic


You had 2 spell levels left.
You knew the following spells:

 Your Spells              Type           Power        Failure   Level  Hunger
a - Sandblast             Erth           ###...       4%          1    None
b - Passwall              Tmut/Erth      ##........   12%         2    ##.....
c - Stone Arrow           Conj/Erth      #.....       28%         3    ###....


Dungeon Overview and Level Annotations

Branches:
Dungeon (2/15)

Altars:


Innate Abilities, Weirdness & Mutations

You are resistant to torment.
Your stone body is resilient. (AC +3)
You are immune to poison.
You resist negative energy. (rN+)
You are resistant to electric shocks. (rElec)
You can survive without breathing.
You are immune to petrification.
You are immune to rotting.


Message History

* * * LOW HITPOINT WARNING * * *
The gnoll closely misses you.
Casting: Sandblast
Confirm with . or Enter, or press ? or * to list all spells.
Aiming: Sandblast
Press: ? - help, Shift-Dir - straight line, f/p - gnoll
Aim: a gnoll, wielding a whip (severely wounded)
The blast of sand hits the gnoll.
The gnoll is severely wounded.
The gnoll closely misses you. The gnoll hits you.
* * * LOW HITPOINT WARNING * * *
Casting: Sandblast
Confirm with . or Enter, or press ? or * to list all spells.
Aiming: Sandblast
Press: ? - help, Shift-Dir - straight line, f/p - gnoll
Aim: a gnoll, wielding a whip (severely wounded)
The blast of sand hits the gnoll.
You kill the gnoll!
The gnoll hits you.
You die...

..# # ### ..+.#..(..
..#........
...........
#.#.........
#.#..........
#.#........ ..
#.#.......####.###
...............)9#
###.#####.####.#g#
#...###.†..# #.#
###.....##.# ..#
#.....##.#######
#.....##.......#
#####.....########.#
................##.#
...........####.##.#


You could see a gnoll.

Vanquished Creatures
  A gnoll (D:1)
  An adder (D:2)
  A dart slug (D:1)
  A giant gecko (D:1)
  2 giant cockroaches (D:2)
  2 goblins (D:2)
  A hobgoblin (D:1)
  3 jackals
  2 giant newts (D:2)
  4 kobolds
  2 rats
20 creatures vanquished.

Notes
Turn   | Place    | Note
--------------------------------------------------------------
     0 | D:1      | tyrsky the Gargoyle Earth Elementalist began the quest for the Orb.
     0 | D:1      | Reached XP level 1. HP: 10/10 MP: 3/3
   512 | D:1      | Reached XP level 2. HP: 15/15 MP: 1/5
   719 | D:2      | Learned a level 2 spell: Passwall
   811 | D:2      | Reached skill level 4 in Earth Magic
   811 | D:2      | Reached XP level 3. HP: 17/19 MP: 0/7
   816 | D:2      | Learned a level 3 spell: Stone Arrow
   943 | D:1      | Slain by a gnoll

Vault maps used:
D:1:      minmay_arrival_widening_spiral_wide, serial_bayou_lake_a

Skill      XL: |  1  2 |
---------------+-------+-----
Spellcasting   | 3 |  3.2
Earth Magic    | 4 |  4.1
Dodging        | |  1.5
Stealth        | |  2.1
Conjurations   | |  0.2
Transmutations | |  0.7

Action                   || total
-------------------------++-------
Melee: Hand axe          ||    11
Throw: Stone             ||    32
 Cast: Sandblast         ||    28
Armor: Robe              ||     5
Dodge: Dodged            ||    27
